TOP OF THE 1ST |
Deer Park HS Falcons batting - Pitching for Northwestern HS Titans : RHP Dave Krohn
|
Pitching: RHP Dave Krohn
|
|
Batting: RHB John Tindal
|
0-0: Called Strike 0-1: SINGLE (Line Drive, 4M, EV 96.2 MPH)
|
Batting: RHB Dominick Smith
|
0-0: Called Strike 0-1: Ball 1-1: Fly out, F8 (Line Drive, 8RM, EV 89.4 MPH)
|
Batting: RHB Cristian Thayer
|
0-0: Called Strike John Tindal steals 2nd, throwing error, E2 John Tindal to third 0-1: Ball 1-1: SINGLE (Flyball, 34D, EV 84.4 MPH) John Tindal scores
|
Batting: LHB Joel Beard
|
0-0: Ball 1-0: Foul Ball, location: 2F 1-1: Foul Ball, location: 2F 1-2: Foul Ball, location: 2F 1-2: Ball 2-2: Ball 3-2: Base on Balls Cristian Thayer to second
|
Batting: RHB Jeremy Tangel
|
0-0: Foul Ball, location: 2F 0-1: SINGLE (Line Drive, 89S, EV 102.5 MPH) Cristian Thayer to third Joel Beard to second
|
Batting: RHB Cody Baker
|
0-0: Ball 1-0: Swinging Strike 1-1: Called Strike 1-2: Strikes out swinging
|
Batting: LHB Baxter Wright
|
0-0: Swinging Strike 0-1: Ball 1-1: Ball 2-1: Ground out 3-1 (Groundball, 34, EV 84.4 MPH)
|
Top of the 1st over - 1 run, 3 hits, 1 error, 3 left on base; Deer Park HS 1 - Northwestern HS 0 |
BOTTOM OF THE 1ST |
Northwestern HS Titans batting - Pitching for Deer Park HS Falcons : RHP Millard Kim
|
Pitching: RHP Millard Kim
|
|
Batting: RHB Greg Helm
|
0-0: Ball 1-0: Foul Ball, location: 2F 1-1: Called Strike 1-2: Strikes out swinging
|
Batting: LHB Aaron Lieder
|
0-0: Ball 1-0: Called Strike 1-1: Ball 2-1: Fly out, F8 (Flyball, 8LD, EV 101.9 MPH)
|
Batting: RHB Zane Case
|
0-0: Called Strike 0-1: Swinging Strike 0-2: Strikes out swinging
|
Bottom of the 1st over - 0 runs, 0 hits, 0 errors, 0 left on base; Deer Park HS 1 - Northwestern HS 0 |
TOP OF THE 2ND |
Deer Park HS Falcons batting - Pitching for Northwestern HS Titans : RHP Dave Krohn
|
Batting: RHB Roy Hays
|
0-0: Ball 1-0: Ball 2-0: Ball 3-0: Called Strike 3-1: Foul Ball, location: 2F 3-2: Base on Balls
|
Batting: LHB Ricky Kiser
|
0-0: Swinging Strike 0-1: Called Strike 0-2: Ball 1-2: Ball 2-2: SINGLE (Line Drive, 78S, EV 110.6 MPH) Roy Hays to second
|
Batting: RHB John Tindal
|
0-0: Ball 1-0: Called Strike 1-1: Ball 2-1: Ball 3-1: Fly out, F8 (Flyball, 8RD, EV 98.8 MPH)
|
Batting: RHB Dominick Smith
|
0-0: Called Strike 0-1: Grounds into double play, 3-6-3 (Groundball, 34S, EV 90.0 MPH)
|
Top of the 2nd over - 0 runs, 1 hit, 0 errors, 1 left on base; Deer Park HS 1 - Northwestern HS 0 |
BOTTOM OF THE 2ND |
Northwestern HS Titans batting - Pitching for Deer Park HS Falcons : RHP Millard Kim
|
Batting: LHB Al Schenewerk
|
0-0: Called Strike 0-1: Ball 1-1: SINGLE (Line Drive, 78S, EV 100.6 MPH)
|
Batting: RHB Logan Duckwall
|
0-0: Called Strike 0-1: Ball Al Schenewerk steals 2nd base 1-1: Ball 2-1: Ball 3-1: Ground out 5-3 (Groundball, 56, EV 93.1 MPH)
|
Batting: LHB Seth Lehman
|
0-0: Called Strike 0-1: Foul Ball, location: 2F 0-2: Ground out 4-3 (Groundball, 4, EV 84.4 MPH) Al Schenewerk to third
|
Batting: RHB Ty Frisco
|
0-0: Swinging Strike 0-1: Ball 1-1: Swinging Strike 1-2: Strikes out swinging
|
Bottom of the 2nd over - 0 runs, 1 hit, 0 errors, 1 left on base; Deer Park HS 1 - Northwestern HS 0 |
TOP OF THE 3RD |
Deer Park HS Falcons batting - Pitching for Northwestern HS Titans : RHP Dave Krohn
|
Batting: RHB Cristian Thayer
|
0-0: Called Strike 0-1: Ball 1-1: Fly out, F9 (Flyball, 89D, EV 82.5 MPH)
|
Batting: LHB Joel Beard
|
0-0: Ball 1-0: Fly out, F9 (Flyball, 9LM, EV 78.8 MPH)
|
Batting: RHB Jeremy Tangel
|
0-0: Called Strike 0-1: Called Strike 0-2: Ball 1-2: Foul Ball, location: 2F 1-2: Ground out 4-3 (Groundball, 4, EV 106.2 MPH)
|
Top of the 3rd over - 0 runs, 0 hits, 0 errors, 0 left on base; Deer Park HS 1 - Northwestern HS 0 |
BOTTOM OF THE 3RD |
Northwestern HS Titans batting - Pitching for Deer Park HS Falcons : RHP Millard Kim
|
Batting: RHB Emerson Laun
|
0-0: Ball 1-0: Foul Ball, location: 2F 1-1: Ball 2-1: Ball 3-1: Base on Balls
|
Batting: SHB Amber Ruelas
|
0-0: Called Strike 0-1: Ball 1-1: Ball 2-1: Fly out, F8 (Flyball, 89D, EV 100.0 MPH)
|
Batting: RHB Greg Helm
|
0-0: Swinging Strike 0-1: Ball 1-1: Swinging Strike 1-2: Ball 2-2: Ball 3-2: Strikes out swinging
|
Batting: LHB Aaron Lieder
|
0-0: Ball 1-0: Foul Ball, location: 2F 1-1: Ball 2-1: Ground out 6-3 (Groundball, 6MS, EV 86.2 MPH)
|
Bottom of the 3rd over - 0 runs, 0 hits, 0 errors, 1 left on base; Deer Park HS 1 - Northwestern HS 0 |
TOP OF THE 4TH |
Deer Park HS Falcons batting - Pitching for Northwestern HS Titans : RHP Dave Krohn
|
Batting: RHB Cody Baker
|
0-0: Ball 1-0: Ball 2-0: Foul Ball, location: 2F 2-1: Called Strike 2-2: Ball 3-2: Ground out 6-3 (Groundball, 6, EV 91.9 MPH)
|
Batting: LHB Baxter Wright
|
0-0: Ball 1-0: Ball 2-0: Ball 3-0: Called Strike 3-1: Base on Balls
|
Batting: RHB Roy Hays
|
0-0: Ball 1-0: Ball 2-0: Ball 3-0: Base on Balls Baxter Wright to second
|
Batting: LHB Ricky Kiser
|
0-0: Ball 1-0: Swinging Strike 1-1: DOUBLE (Groundball, 5L, EV 110.0 MPH) Baxter Wright scores Roy Hays to third
|
Batting: RHB John Tindal
|
0-0: Called Strike 0-1: Fly out, F2 (Popup, 23F, EV 87.5 MPH)
|
Batting: RHB Dominick Smith
|
0-0: Called Strike 0-1: Swinging Strike 0-2: Foul Ball, location: 2F 0-2: Ball 1-2: Fly out, F7 (Flyball, 78D, EV 82.5 MPH)
|
Top of the 4th over - 1 run, 1 hit, 0 errors, 2 left on base; Deer Park HS 2 - Northwestern HS 0 |
BOTTOM OF THE 4TH |
Northwestern HS Titans batting - Pitching for Deer Park HS Falcons : RHP Millard Kim
|
Batting: RHB Zane Case
|
0-0: Foul Ball, location: 2F 0-1: Fly out, F4 (Popup, 34, EV 65.0 MPH)
|
Batting: LHB Al Schenewerk
|
0-0: Ball 1-0: Ball 2-0: Ball 3-0: Called Strike 3-1: Called Strike 3-2: Foul Ball, location: 2F 3-2: Base on Balls
|
Batting: RHB Logan Duckwall
|
0-0: Foul Ball, location: 2F 0-1: Ball 1-1: Swinging Strike 1-2: Ball 2-2: Ball 3-2: Foul Ball, location: 2F Pickoff Throw to First - Out! 1-3 3-2: Base on Balls
|
Batting: LHB Seth Lehman
|
0-0: Called Strike 0-1: Ball 1-1: Ground out U3 (Groundball, 3, EV 88.8 MPH)
|
Bottom of the 4th over - 0 runs, 0 hits, 0 errors, 1 left on base; Deer Park HS 2 - Northwestern HS 0 |
TOP OF THE 5TH |
Deer Park HS Falcons batting - Pitching for Northwestern HS Titans : RHP Dave Krohn
|
Pitching: RHP Julian Larkin
|
|
Batting: RHB Cristian Thayer
|
0-0: Foul Ball, location: 2F 0-1: Ball 1-1: Called Strike 1-2: Fly out, F9 (Line Drive, 9, EV 96.9 MPH)
|
Batting: LHB Joel Beard
|
0-0: Fly out, F9 (Line Drive, 9S, EV 87.5 MPH)
|
Batting: RHB Jeremy Tangel
|
0-0: Ball 1-0: Ball 2-0: Ball 3-0: Called Strike 3-1: SOLO HOME RUN (Flyball, 9LD, EV 91.2 MPH), Distance : 339 ft
|
Batting: RHB Cody Baker
|
0-0: Called Strike 0-1: Ball 1-1: Ball 2-1: Swinging Strike 2-2: Strikes out swinging
|
Top of the 5th over - 1 run, 1 hit, 0 errors, 0 left on base; Deer Park HS 3 - Northwestern HS 0 |
BOTTOM OF THE 5TH |
Northwestern HS Titans batting - Pitching for Deer Park HS Falcons : RHP Millard Kim
|
Batting: RHB Ty Frisco
|
0-0: Ball 1-0: Ball 2-0: Called Strike 2-1: Ball 3-1: Swinging Strike 3-2: Foul Ball, location: 2F 3-2: Base on Balls
|
Batting: RHB Emerson Laun
|
0-0: Ball 1-0: Called Strike 1-1: Ball Wild Pitch! Ty Frisco to second 2-1: Foul Ball, location: 2F 2-2: Ball 3-2: Fly out, F9 (Flyball, 89M, EV 78.1 MPH)
|
Batting: SHB Amber Ruelas
|
0-0: Fly out, F4 (Popup, 34, EV 65.6 MPH)
|
Batting: RHB Greg Helm
|
0-0: Ball 1-0: Called Strike 1-1: Foul Ball, location: 2F 1-2: SINGLE (Line Drive, 8LS, EV 98.8 MPH) Ty Frisco to third Runner from 3rd tries for Home, SAFE, throw by CF to home
|
Pitching: RHP Lacy Howe
|
|
Batting: LHB Aaron Lieder
|
0-0: Ball Greg Helm steals 2nd base (no throw) 1-0: Ball 2-0: Called Strike 2-1: Foul Ball, location: 2F 2-2: Fly out, F8 (Flyball, 8RS, EV 91.9 MPH)
|
Bottom of the 5th over - 1 run, 1 hit, 0 errors, 1 left on base; Deer Park HS 3 - Northwestern HS 1 |
TOP OF THE 6TH |
Deer Park HS Falcons batting - Pitching for Northwestern HS Titans : RHP Julian Larkin
|
Batting: LHB Baxter Wright
|
0-0: Ball 1-0: Fly out, F6 (Popup, 6D, EV 51.2 MPH)
|
Batting: RHB Roy Hays
|
0-0: Ball 1-0: Ball 2-0: Ball 3-0: Base on Balls
|
Batting: LHB Ricky Kiser
|
0-0: Foul Ball, location: 2F 0-1: Foul Ball, location: 2F 0-2: Foul Ball, location: 2F 0-2: Foul Ball, location: 2F 0-2: Ball 1-2: SINGLE (Line Drive, 78S, EV 88.8 MPH) Roy Hays to second
|
Batting: RHB John Tindal
|
0-0: Ball 1-0: Ball 2-0: Fly out, F8 (Flyball, 8RM, EV 85.0 MPH)
|
Batting: RHB Dominick Smith
|
0-0: Ball 1-0: Ball 2-0: Fly out, F8 (Flyball, 8RXD, EV 103.1 MPH)
|
Top of the 6th over - 0 runs, 1 hit, 0 errors, 2 left on base; Deer Park HS 3 - Northwestern HS 1 |
BOTTOM OF THE 6TH |
Northwestern HS Titans batting - Pitching for Deer Park HS Falcons : RHP Lacy Howe
|
Batting: RHB Zane Case
|
0-0: Foul Ball, location: 2F 0-1: Ball 1-1: Swinging Strike 1-2: Strikes out swinging
|
Batting: LHB Al Schenewerk
|
0-0: SINGLE (Flyball, 56D, EV 93.1 MPH)
|
Batting: RHB Logan Duckwall
|
0-0: Ball 1-0: Called Strike Pickoff Throw to First - Out! 1-3 1-1: Called Strike 1-2: Strikes out swinging
|
Bottom of the 6th over - 0 runs, 1 hit, 0 errors, 0 left on base; Deer Park HS 3 - Northwestern HS 1 |
TOP OF THE 7TH |
Deer Park HS Falcons batting - Pitching for Northwestern HS Titans : RHP Julian Larkin
|
Batting: RHB Cristian Thayer
|
0-0: Ball 1-0: Called Strike 1-1: Fly out, F9 (Line Drive, 89M, EV 85.0 MPH)
|
Batting: LHB Joel Beard
|
0-0: Called Strike 0-1: Foul Ball, location: 2F 0-2: Ball 1-2: Ball 2-2: Foul Ball, location: 2F 2-2: Ball 3-2: Base on Balls
|
Batting: RHB Jeremy Tangel
|
0-0: Called Strike Joel Beard steals 2nd base 0-1: Called Strike 0-2: Strikes out swinging
|
Batting: RHB Cody Baker
|
0-0: Called Strike 0-1: Fly out, F8 (Flyball, 8LXD, EV 104.4 MPH)
|
Top of the 7th over - 0 runs, 0 hits, 0 errors, 1 left on base; Deer Park HS 3 - Northwestern HS 1 |
BOTTOM OF THE 7TH |
Northwestern HS Titans batting - Pitching for Deer Park HS Falcons : RHP Lacy Howe
|
Batting: LHB Seth Lehman
|
0-0: Hit by Pitch
|
Pinch Hitting: RHB Kalin Doe
|
0-0: Ball 1-0: SINGLE (Flyball, 8LS, EV 86.9 MPH) Seth Lehman to second
|
Pinch Runner at 2nd Everett Wright:
|
|
Batting: RHB Emerson Laun
|
0-0: Ball 1-0: Grounds into double play, 1-4-3 (Groundball, 15S, EV 66.2 MPH) Everett Wright to third
|
Batting: SHB Amber Ruelas
|
0-0: Called Strike 0-1: Foul Ball, location: 2F 0-2: Ball 1-2: Strikes out looking
|
Bottom of the 7th over - 0 runs, 1 hit, 0 errors, 1 left on base; Deer Park HS 3 - Northwestern HS 1 |
TOP OF THE 8TH |
Deer Park HS Falcons batting - Pitching for Northwestern HS Titans : RHP Julian Larkin
|
Now at 1B: Kalin Doe
|
|
Now at 2B: Bradley Stewart
|
|
Batting: LHB Baxter Wright
|
0-0: Ground out 6-3 (Groundball, 4M, EV 108.8 MPH)
|
Batting: RHB Roy Hays
|
0-0: Foul Ball, location: 2F 0-1: Swinging Strike 0-2: Foul Ball, location: 2F 0-2: Ball 1-2: Ball 2-2: Foul Ball, location: 2F 2-2: Foul Ball, location: 2F 2-2: Foul Ball, location: 2F 2-2: Strikes out swinging
|
Batting: LHB Ricky Kiser
|
0-0: SINGLE (Flyball, 8LS, EV 93.8 MPH)
|
Pitching: RHP Seth O'Brien
|
|
Batting: RHB John Tindal
|
0-0: Called Strike 0-1: Swinging Strike 0-2: Ball 1-2: Ball 2-2: Ball 3-2: Strikes out looking
|
Top of the 8th over - 0 runs, 1 hit, 0 errors, 1 left on base; Deer Park HS 3 - Northwestern HS 1 |
BOTTOM OF THE 8TH |
Northwestern HS Titans batting - Pitching for Deer Park HS Falcons : RHP Lacy Howe
|
Batting: RHB Greg Helm
|
0-0: Ball 1-0: Ball 2-0: Swinging Strike 2-1: Ball 3-1: Base on Balls
|
Batting: LHB Aaron Lieder
|
0-0: Ball 1-0: Called Strike 1-1: Ball 2-1: Ball 3-1: Base on Balls Greg Helm to second
|
Pitching: RHP Marc Jenkins
|
|
Batting: RHB Zane Case
|
0-0: Ball 1-0: Ball 2-0: Foul Ball, location: 2F 2-1: Foul Ball, location: 2F 2-2: Strikes out swinging
|
Batting: LHB Al Schenewerk
|
0-0: Called Strike 0-1: Swinging Strike 0-2: Foul Ball, location: 2F 0-2: SINGLE (Line Drive, 7LS, EV 105.6 MPH) Greg Helm to third Aaron Lieder to second Runner from 3rd tries for Home, throw by LF and OUT! 7-2 Aaron Lieder to third Al Schenewerk to second
|
Batting: RHB Logan Duckwall
|
0-0: Called Strike 0-1: Foul Ball, location: 2F 0-2: SINGLE (Groundball, 56S, EV 98.1 MPH) Aaron Lieder scores Al Schenewerk to third
|
Batting: RHB Bradley Stewart
|
0-0: SINGLE (Line Drive, 8RS, EV 95.6 MPH) Al Schenewerk scores Logan Duckwall to second
|
Pinch Runner at 2nd Tyler Calloway:
|
|
Batting: RHB Kalin Doe
|
0-0: Ball 1-0: Ball 2-0: Foul Ball, location: 2F 2-1: Foul Ball, location: 2F 2-2: Strikes out swinging
|
Bottom of the 8th over - 2 runs, 3 hits, 0 errors, 2 left on base; Deer Park HS 3 - Northwestern HS 3 |
TOP OF THE 9TH |
Deer Park HS Falcons batting - Pitching for Northwestern HS Titans : RHP Seth O'Brien
|
Pinch Hitting: RHB Pete Gobel
|
0-0: Ball 1-0: Fly out, F8 (Flyball, 8RXD, EV 100.0 MPH)
|
Batting: RHB Cristian Thayer
|
0-0: Ball 1-0: Called Strike 1-1: Fly out, F8 (Flyball, 8RXD, EV 98.8 MPH)
|
Batting: LHB Joel Beard
|
0-0: SINGLE (Groundball, 34D, EV 95.0 MPH)
|
Batting: LHB Maximillian Nicola
|
0-0: Ball 1-0: Foul Ball, location: 2F 1-1: Swinging Strike 1-2: Ball 2-2: Ball 3-2: Strikes out swinging
|
Top of the 9th over - 0 runs, 1 hit, 0 errors, 1 left on base; Deer Park HS 3 - Northwestern HS 3 |
BOTTOM OF THE 9TH |
Northwestern HS Titans batting - Pitching for Deer Park HS Falcons : RHP Marc Jenkins
|
Pitching: RHP James Keating
|
|
Now at 2B: Zion Fukushima
|
|
Batting: RHB Emerson Laun
|
0-0: Swinging Strike 0-1: Ball 1-1: Ground out 5-3 (Groundball, 56S, EV 85.6 MPH)
|
Batting: SHB Amber Ruelas
|
0-0: Ball 1-0: Foul Ball, location: 2F 1-1: Ball 2-1: Ground out 4-3 (Groundball, 4, EV 100.6 MPH)
|
Batting: RHB Greg Helm
|
0-0: Called Strike 0-1: Ball 1-1: Ball 2-1: Swinging Strike 2-2: Foul Ball, location: 2F 2-2: Strikes out swinging
|
Bottom of the 9th over - 0 runs, 0 hits, 0 errors, 0 left on base; Deer Park HS 3 - Northwestern HS 3 |
TOP OF THE 10TH |
Deer Park HS Falcons batting - Pitching for Northwestern HS Titans : RHP Seth O'Brien
|
Pitching: RHP Seth Phillips
|
|
Batting: RHB Cody Baker
|
0-0: Foul Ball, location: 2F 0-1: Ball 1-1: Fly out, F6 (Popup, 6MD, EV 71.2 MPH)
|
Batting: LHB Baxter Wright
|
0-0: Called Strike 0-1: Fly out, F7 (Flyball, 7, EV 80.6 MPH)
|
Batting: RHB Roy Hays
|
0-0: Ball 1-0: Ball 2-0: Swinging Strike 2-1: Foul Ball, location: 2F 2-2: DOUBLE (Line Drive, 7LM, EV 107.5 MPH)
|
Batting: LHB Ricky Kiser
|
0-0: Foul Ball, location: 2F 0-1: Ball 1-1: Fly out, F8 (Flyball, 8LM, EV 88.8 MPH)
|
Top of the 10th over - 0 runs, 1 hit, 0 errors, 1 left on base; Deer Park HS 3 - Northwestern HS 3 |
BOTTOM OF THE 10TH |
Northwestern HS Titans batting - Pitching for Deer Park HS Falcons : RHP James Keating
|
Batting: LHB Aaron Lieder
|
0-0: Called Strike 0-1: Ball 1-1: Fly out, F8 (Line Drive, 78M, EV 86.2 MPH)
|
Batting: RHB Zane Case
|
0-0: Ball 1-0: Foul Ball, location: 2F 1-1: Ball 2-1: Ball 3-1: Swinging Strike 3-2: SINGLE (Flyball, 8RS, EV 88.8 MPH)
|
Batting: LHB Al Schenewerk
|
0-0: Ball 1-0: Ball 2-0: Foul Ball, location: 2F 2-1: Swinging Strike 2-2: Strikes out swinging
|
Batting: RHB Lukas Lewis
|
0-0: Foul Ball, location: 2F 0-1: Ball 1-1: Foul Ball, location: 2F 1-2: Foul Ball, location: 2F 1-2: Ball 2-2: Foul Ball, location: 2F 2-2: Ball 3-2: Foul Ball, location: 2F 3-2: SINGLE (Groundball, 15S, EV 68.8 MPH) (infield hit) Zane Case to second
|
Batting: RHB Bradley Stewart
|
0-0: Ball 1-0: Ball 2-0: Ball 3-0: Called Strike 3-1: Foul Ball, location: 2F 3-2: Strikes out swinging
|
Bottom of the 10th over - 0 runs, 2 hits, 0 errors, 2 left on base; Deer Park HS 3 - Northwestern HS 3 |
TOP OF THE 11TH |
Deer Park HS Falcons batting - Pitching for Northwestern HS Titans : RHP Seth Phillips
|
Batting: RHB John Tindal
|
0-0: Ball 1-0: Foul Ball, location: 2F 1-1: Ball 2-1: Ball 3-1: Swinging Strike 3-2: Fly out, F3 (Line Drive, 3, EV 71.2 MPH)
|
Pinch Hitting: RHB James Thibeau
|
0-0: Ball 1-0: SINGLE (Flyball, 8RS, EV 91.9 MPH)
|
Batting: RHB Cristian Thayer
|
0-0: Ball 1-0: Called Strike James Thibeau steals 2nd base 1-1: Foul Ball, location: 2F 1-2: Ground out 6-3 (Groundball, 6, EV 100.6 MPH)
|
Batting: LHB Joel Beard
|
0-0: Ball 1-0: Ball 2-0: Ball 3-0: Called Strike 3-1: Fly out, F7 (Flyball, 7, EV 91.9 MPH)
|
Top of the 11th over - 0 runs, 1 hit, 0 errors, 1 left on base; Deer Park HS 3 - Northwestern HS 3 |
BOTTOM OF THE 11TH |
Northwestern HS Titans batting - Pitching for Deer Park HS Falcons : RHP James Keating
|
Now at 2B: Gavin Brannam
|
|
Batting: RHB Kalin Doe
|
0-0: Ball 1-0: Fly out, F7 (Line Drive, 78M, EV 90.6 MPH)
|
Batting: RHB Emerson Laun
|
0-0: Ball 1-0: Foul Ball, location: 2F 1-1: Called Strike 1-2: Foul Ball, location: 2F 1-2: Fly out, F8 (Flyball, 8RXD, EV 88.1 MPH)
|
Batting: SHB Amber Ruelas
|
0-0: Ball 1-0: Swinging Strike 1-1: Foul Ball, location: 2F 1-2: Ball 2-2: Foul Ball, location: 2F 2-2: Ball 3-2: Foul Ball, location: 2F 3-2: Foul Ball, location: 2F 3-2: SINGLE (Line Drive, 8RS, EV 93.1 MPH)
|
Batting: RHB Greg Helm
|
0-0: Swinging Strike 0-1: Swinging Strike 0-2: DOUBLE (Line Drive, 7LS, EV 92.5 MPH) Amber Ruelas to third Runner from 3rd tries for Home, throw by LF and OUT! 7-6-2
|
Bottom of the 11th over - 0 runs, 2 hits, 0 errors, 1 left on base; Deer Park HS 3 - Northwestern HS 3 |
TOP OF THE 12TH |
Deer Park HS Falcons batting - Pitching for Northwestern HS Titans : RHP Seth Phillips
|
Pitching: LHP Brendan Fink
|
|
Batting: LHB Maximillian Nicola
|
0-0: Ball 1-0: Ball 2-0: Ball 3-0: Base on Balls
|
Batting: RHB Cody Baker
|
0-0: Ball 1-0: Foul Ball, location: 2F 1-1: Fielders Choice at 2nd, 6-4 (Groundball, 6, EV 90.6 MPH)
|
Batting: LHB Baxter Wright
|
0-0: Called Strike 0-1: Ball 1-1: Ball 2-1: Ball 3-1: Swinging Strike 3-2: Ground out 4-3 (Groundball, 4, EV 85.0 MPH) Cody Baker to second
|
Batting: RHB Roy Hays
|
0-0: Intentional Walk
|
Batting: LHB Ricky Kiser
|
0-0: Fly out, F9 (Flyball, 9D, EV 98.1 MPH)
|
Top of the 12th over - 0 runs, 0 hits, 0 errors, 2 left on base; Deer Park HS 3 - Northwestern HS 3 |
BOTTOM OF THE 12TH |
Northwestern HS Titans batting - Pitching for Deer Park HS Falcons : RHP James Keating
|
Batting: LHB Aaron Lieder
|
0-0: SINGLE (Groundball, 6MD, EV 109.4 MPH)
|
Batting: RHB Zane Case
|
0-0: Ball 1-0: Foul Ball, location: 2F 1-1: Called Strike 1-2: Ball 2-2: Ball 3-2: Grounds into double play, 4-6-3 (Groundball, 4M, EV 100.6 MPH)
|
Batting: LHB Al Schenewerk
|
0-0: Called Strike 0-1: Swinging Strike 0-2: Ball 1-2: Strikes out looking
|
Bottom of the 12th over - 0 runs, 1 hit, 0 errors, 0 left on base; Deer Park HS 3 - Northwestern HS 3 |
TOP OF THE 13TH |
Deer Park HS Falcons batting - Pitching for Northwestern HS Titans : LHP Brendan Fink
|
Batting: RHB John Tindal
|
0-0: Ball 1-0: Ball 2-0: Called Strike 2-1: Reached on error, E6 (Groundball, 6, EV 81.2 MPH)
|
Batting: RHB Gavin Brannam
|
0-0: 2-RUN HOME RUN (Flyball, 7D, EV 95.0 MPH), Distance : 365 ft
|
Batting: RHB Cristian Thayer
|
0-0: Ball 1-0: Swinging Strike 1-1: Ground out 1-3 (Groundball, 13S, EV 68.8 MPH)
|
Batting: LHB Joel Beard
|
0-0: Fly out, F9 (Flyball, 89M, EV 81.9 MPH)
|
Batting: LHB Maximillian Nicola
|
0-0: Called Strike 0-1: Ball 1-1: Ball 2-1: Foul Ball, location: 2F 2-2: Foul Ball, location: 2F 2-2: Ball 3-2: SINGLE (Line Drive, 89S, EV 105.6 MPH)
|
Pitching: RHP Niles Brown
|
|
Batting: RHB Cody Baker
|
0-0: Ball 1-0: Called Strike 1-1: SINGLE (Groundball, 34D, EV 105.6 MPH) Maximillian Nicola to second Runner from 2nd tries for 3rd, SAFE, throw by RF made to third
|
Batting: LHB Baxter Wright
|
0-0: Fly out, F2 (Popup, 2R, EV 90.0 MPH)
|
Top of the 13th over - 2 runs, 3 hits, 1 error, 2 left on base; Deer Park HS 5 - Northwestern HS 3 |
BOTTOM OF THE 13TH |
Northwestern HS Titans batting - Pitching for Deer Park HS Falcons : RHP James Keating
|
Pitching: RHP Quintin Johnson
|
|
Batting: RHB Lukas Lewis
|
0-0: Foul Ball, location: 2F 0-1: Swinging Strike 0-2: Ground out U3 (Groundball, 3, EV 81.9 MPH)
|
Batting: RHB Bradley Stewart
|
0-0: Called Strike 0-1: Called Strike 0-2: Ball 1-2: Ground out 1-3 (Groundball, P, EV 68.1 MPH)
|
Batting: RHB Kalin Doe
|
0-0: Ball 1-0: Foul Ball, location: 2F 1-1: Ball 2-1: Fly out, F7 (Flyball, 78D, EV 101.9 MPH)
|
Bottom of the 13th over - 0 runs, 0 hits, 0 errors, 0 left on base; Deer Park HS 5 - Northwestern HS 3 |
|